[Event "Late-Titled-Tuesday-Blitz-March-05-2024"]
[Site "Chess.com"]
[Date "2024.03.05"]
[Round "1"]
[White "ozates"]
[Black "ChessFanNM"]
[Result "1-0"]
[WhiteElo "2593"]
[BlackElo "2275"]
[TimeControl "180+1"]
[EndTime "14:07:42 PST"]
[Termination "ozates won by resignation"]

1. e4 c6 2. d4 d5 3. exd5 cxd5 4. c4 Nf6 5. Nc3 Nc6 6. Bg5 dxc4 7. Bxc4 h6 8. Bh4 e6 9. Nf3 Be7 10. O-O O-O 11. a3 Nd5 12. Bg3 Bf6 13. h3 Nb6 14. Ba2 Nxd4 15. Nxd4 Qxd4 16. Qf3 Qd2 17. Ne4 Qxb2 18. Rfb1 Qxa1 19. Rxa1 Bxa1 20. Bb1 Bd7 21. Qd3 g6 22. Bf4 Bc6 23. Bxh6 Rfd8 24. Qf3 Nd5 25. Bg5 Nf6 26. Bxf6 Bxf6 27. Nxf6+ Kg7 28. Qc3 Rd1+ 29. Kh2 Rxb1 30. Nh5+ Kf8 31. Qh8+ Ke7 32. Qxa8 gxh5 33. Qxa7 Rb5 34. Qd4 Rg5 35. f3 Rd5 36. Qh4+ Ke8 37. Qf6 Rf5 38. Qh8+ Ke7 39. Qc3 Rd5 40. g4 hxg4 41.
fxg4 Ke8 42. h4 Rb5 43. h5 Rd5 44. h6 Rd1 45. Qg7 Rh1+ 46. Kg3 Rg1+ 47. Kf2 Rh1 48.
h7 Rh2+ 49. Kg3 Rg2+ 50. Kh3 Rg1 51. h8=Q+ 1-0

[Event "Late-Titled-Tuesday-Blitz-March-05-2024"]
[Site "Chess.com"]
[Date "2024.03.05"]
[Round "1"]
[White "ritanovikova"]
[Black "Crazy_girl99"]
[Result "1-0"]
[WhiteElo "2212"]
[BlackElo "2555"]
[TimeControl "180+1"]
[EndTime "14:07:42 PST"]
[Termination "ritanovikova won on time"]

1. e4 e5 2. Nf3 Nc6 3. Bc4 Bc5 4. c3 Nf6 5. d4 exd4 6. cxd4 Bb4+ 7. Bd2 Bxd2+ 8.
Nbxd2 d5 9. exd5 Nxd5 10. O-O O-O 11. Rc1 Bg4 12. h3 Be6 13. Nb3 Nce7 14. Nc5 Bc8 15.
Qb3 b6 16. Ne4 Bb7 17. Rfd1 Nf5 18. Ne5 Nh4 19. f3 a5 20. a4 Kh8 21. Qc2 Nf4 22. Bf1 f6 23. Nc6 Qe8 24. d5 Qh5 25.
Ne7 Bxd5 26. Nxd5 Nxd5 27. Qf2 Rad8 28. Rd2 Ng6 29. Rcd1 Ngf4 30. g3 Qg6 31. Kh2 f5 32. Nc3 Nxh3 33. Bxh3 c6 34. Nxd5 cxd5 35. Rxd5 Rde8 36.
Re1 Rc8 37. Rd2 f4 38. gxf4 Rxf4 39. Bxc8 Qh5+ 40. Bh3 g5 41. Rd8+ Kg7 42. Re7+ Kf6 43. Re4 Rxf3 44. Rf8+ 1-0

[Event "Late-Titled-Tuesday-Blitz-March-05-2024"]
[Site "Chess.com"]
[Date "2024.03.05"]
[Round "1"]
[White "cristiano78"]
[Black "SaqoChess_Twitch"]
[Result "0-1"]
[WhiteElo "2285"]
[BlackElo "2599"]
[TimeControl "180+1"]
[EndTime "14:07:44 PST"]
[Termination "SaqoChess_Twitch won by resignation"]

1. d4 d5 2. c4 e6 3. Nf3 Nf6 4. Nc3 Be7 5. Bg5 O-O 6. e3 h6 7. Bh4 b6 8. Rc1 Bb7 9. Bxf6 Bxf6 10. cxd5 exd5 11. b4 c5 12. bxc5 bxc5 13. Be2 cxd4 14. Nxd4 Nc6 15. Nxc6 Bxc6 16. O-O d4 17. exd4 Bxd4 18.
Bf3 Bxf3 19. Qxf3 Qa5 20. Nd5 Qxa2 21. Rcd1 Bc5 22. Ra1 Qd2 23. Rfd1 Qg5 24. Nc7 Rac8 25. Nb5 Bxf2+ 26. Qxf2 Qxb5 27. Rxa7 Qb3 28. Rf1 Rc2 29. Qd4 Qb2 30. Qxb2 Rxb2 31. h3 g6 32. Kh2 Kg7 33.
Rf3 h5 34. Kg3 Re2 35. Rb7 Re6 36. Ra7 Rf6 37. Rxf6 Kxf6 38. Ra5 Kg7 39. Kh4 Re8 40. g4 Re4 41. Kg3 Re3+ 42. Kh4 f6 43. gxh5 g5+ 44. Kg4 Re4+ 45. Kg3 Kh6 46. Rf5 Kg7 47. Rf3 Rh4 48. Ra3 Rxh5 49. Ra7+ Kg6 50. Ra8 Rh4 51. Rg8+ Kf7 52.
Ra8 Rb4 53. Ra5 Kg6 54. Rc5 Rb3+ 55. Kg2 Rb2+ 56. Kg3 Rb3+ 57. Kg2 f5 58. Rc6+ Kf7 59. Ra6 Re3 60. Rb6 Re6 61. Rb7+ Kf6 62. Kf3 Rd6 63.
Rb5 Ke6 64. Ra5 Rd5 65. Ra6+ Ke5 66. Rg6 Rd3+ 67. Ke2 Rg3 68. Kf2 Kf4 69. Rh6 Ra3 70. Rb6 Ra2+ 71. Kg1 Kg3 72. Rb3+ Kh4 73. Rc3 Rd2 74.
Rb3 f4 75. Ra3 Re2 76. Rb3 Re3 77. Rxe3 fxe3 78. Kg2 e2 79. Kf2 Kxh3 80. Kxe2 g4 81. Kf2 Kh2 0-1

[Event "Late-Titled-Tuesday-Blitz-March-05-2024"]
[Site "Chess.com"]
[Date "2024.03.05"]
[Round "1"]
[White "el_sporco"]
[Black "ukchessbomber"]
[Result "0-1"]
[WhiteElo "2386"]
[BlackElo "2659"]
[TimeControl "180+1"]
[EndTime "14:07:45 PST"]
[Termination "ukchessbomber won by resignation"]

1. e4 a6 2. d4 c6 3. f4 d5 4. e5 h5 5. Nf3 g6 6. Bd3 Nh6 7.
O-O Bg4 8. h3 Bxf3 9. Qxf3 e6 10. Be3 Nf5 11. Nd2 h4 12. c4 Be7 13. Rac1 Nd7 14.
Rc2 Kf8 15. Bf2 Kg7 16. Rfc1 Nb6 17. a3 dxc4 18. Bxf5 gxf5 19. Nxc4 Nxc4 20. Rxc4 Qd5 21. Qxd5 exd5 22. R4c3 Rh6 23. R1c2 Kh7 24. Rb3 b5 25.
Rbc3 Rc8 26. Be1 Rg6 27. Kf1 Bd8 28. Rc5 Bb6 29. Rxd5 cxd5 30. Rxc8 Bxd4 31. Rc7 Kg8 32. Rd7 Bxb2 33. a4 bxa4 34. Rxd5 a3 35. Ra5 Rc6 36. Bxh4 Rc1+ 37. Ke2 Rc2+ 38. Kf3 Rc3+ 39. Ke2 Rc2+ 40. Kf3 Bc1 41. Bf6 Rc3+ 42. Ke2 Rc6 43. e6 Rxe6+ 44. Be5 Bxf4 45. Rxa3 Bxe5 46. Kf3 Kg7 47. Rxa6 Rxa6 0-1

[Event "Late-Titled-Tuesday-Blitz-March-05-2024"]
[Site "Chess.com"]
[Date "2024.03.05"]
[Round "1"]
[White "KChor05"]
[Black "pr1105"]
[Result "0-1"]
[WhiteElo "2640"]
[BlackElo "2402"]
[TimeControl "180+1"]
[EndTime "14:07:45 PST"]
[Termination "pr1105 won by checkmate"]

1. e4 e5 2. Nf3 Nc6 3. Bb5 Nf6 4. d3 Bc5 5. O-O Nd4 6. Nxd4 Bxd4 7. c3 Bb6 8. Nd2 c6 9. Ba4 O-O 10. Bc2 d5 11. Qe2 Re8 12. Kh1 h6 13. h3 a5 14.
Nf3 Bc7 15. Be3 a4 16. a3 b5 17. Rad1 Qe7 18. Nh2 Be6 19. Bc1 Rad8 20. f4 dxe4 21.
dxe4 Bc4 22. Bd3 Rxd3 23. Rxd3 exf4 24. Bxf4 Bxf4 25. Rxf4 Qe5 26. Rff3 Nxe4 27. Qe1 Bxd3 28. Rxd3 Qc5 29. Rd4 Qe5 30. Rd3 Re6 31. Ng4 Qf5 32. Rf3 Qg6 33. Qd1 h5 34. Ne3 h4 35. Qd8+ Kh7 36.
Qxh4+ Kg8 37. Qd8+ Kh7 38. Kh2 Ng5 39. Rg3 Qh6 40. Ng4 Qh5 41. Nf2 Rg6 42. Ng4 f5 43. Qd3 fxg4 44. Rxg4 Nf7 45. Qe4 Nh6 46. Rh4 Qg5 47. Qe8 Qxg2# 0-1

[Event "Late-Titled-Tuesday-Blitz-March-05-2024"]
[Site "Chess.com"]
[Date "2024.03.05"]
[Round "1"]
[White "OrtizAnahi2001"]
[Black "KerryStead"]
[Result "1-0"]
[WhiteElo "2543"]
[BlackElo "2046"]
[TimeControl "180+1"]
[EndTime "14:07:47 PST"]
[Termination "OrtizAnahi2001 won by resignation"]

1. d4 c5 2. d5 f5 3. c4 g6 4. Nc3 Bg7 5. Nf3 Bxc3+ 6. bxc3 Qa5 7. Bd2 d6 8. e3 Nf6 9. Bd3 Nbd7 10. O-O Nb6 11.
Re1 Bd7 12. Ng5 h6 13. Ne6 Bxe6 14. dxe6 O-O-O 15. Qf3 Qa4 16. Reb1 Rhf8 17. e4 fxe4 18. Bxe4 Nxe4 19. Qxe4 Qxc4 20. Qxc4 Nxc4 21. Bxh6 Rf6 22.
Re1 Ne5 23. Bg5 Rf5 24. Bxe7 Re8 25. Bxd6 Rxe6 26. Bxc5 b6 27. Bd4 Kd7 28. Rad1 Ke7 29. h3 Nc4 30. Rxe6+ Kxe6 31. Re1+ Kd5 32. Re7 a5 33. Rb7 Kc6 34. Rg7 g5 35. g4 Rd5 36.
Rg6+ Kb5 37. Kg2 Nd6 38. f4 gxf4 39. Kf3 Kc4 40. Kxf4 b5 41. Be5 Nf7 42. Rc6+ Kd3 43. Bf6 Nd6 44. g5 Ne8 45. h4 b4 46. cxb4 axb4 47.
h5 Ra5 48. h6 Rxa2 49. h7 Nxf6 50. gxf6 Rh2 51. f7 Rf2+ 52. Ke5 Rxf7 53. h8=Q Re7+ 54.
Kd6 Re4 55. Qh3+ Kd2 56. Qg2+ Kd3 57. Qf3+ Re3 58. Qd5+ Ke2 59. Rc4 b3 60. Re4 b2 61.
Rxe3+ Kxe3 62. Qb3+ Kd4 63. Qxb2+ 1-0

[Event "Late-Titled-Tuesday-Blitz-March-05-2024"]
[Site "Chess.com"]
[Date "2024.03.05"]
[Round "1"]
[White "Elsa167"]
[Black "Ykow"]
[Result "1-0"]
[WhiteElo "2904"]
[BlackElo "2505"]
[TimeControl "180+1"]
[EndTime "14:07:51 PST"]
[Termination "Elsa167 won by resignation"]

1. d4 d5 2. c4 e6 3. Nf3 Nf6 4.
Nc3 c6 5. Bg5 h6 6. Bxf6 Qxf6 7.
Qc2 Nd7 8. e4 dxe4 9. Qxe4 Bb4 10. Bd3 Qe7 11. O-O Nf6 12. Qe2 O-O 13. Ne4 Rd8 14. a3 Ba5 15. Rad1 Bc7 16. Bb1 Bd7 17. Rfe1 Be8 18. g3 a5 19. Qc2 g6 20. h4 Nxe4 21. Qxe4 Qf6 22. Ne5 Bxe5 23. dxe5 Qe7 24. h5 Rxd1 25.
Rxd1 Rd8 26. Rxd8 Qxd8 27. hxg6 fxg6 28. Bd3 c5 29. Qe3 Kg7 30. Be4 Qd1+ 31. Kg2 b6 32. Qf4 Qd8 33. Bf3 g5 34. Qe4 Bg6 35. Qb7+ Kg8 36.
Be4 Bxe4+ 37. Qxe4 Qd7 38. Qg6+ Kf8 39. Qxh6+ Ke8 40.
Qxg5 Qd3 41. Qg8+ Ke7 42. Qg7+ Ke8 43. Qg4 Ke7 44. a4 Qc2 45. Qg7+ Kd8 46. Qf8+ Kd7 47.
Qd6+ Ke8 48. Qxe6+ Kf8 49. Qf6+ Ke8 50. e6 Qe4+ 51.
Kg1 Qe1+ 52. Kh2 1-0

[Event "Late-Titled-Tuesday-Blitz-March-05-2024"]
[Site "Chess.com"]
[Date "2024.03.05"]
[Round "1"]
[White "NovakRatko"]
[Black "ArtemDyachuk"]
[Result "0-1"]
[WhiteElo "2399"]
[BlackElo "2683"]
[TimeControl "180+1"]
[EndTime "14:07:51 PST"]
[Termination "ArtemDyachuk won on time"]

1. d4 Nf6 2. c4 g6 3. Nc3 Bg7 4. e4 d6 5. f3 O-O 6. Be3 e5 7. Nge2 Nbd7 8. d5 a5 9. Qd2 Nc5 10. g4 Nfd7 11. Ng3 a4 12. Be2 Qe7 13. Nb5 Nb6 14. Bg5 f6 15. Be3 Rd8 16. h4 Bf8 17. Rb1 c6 18. dxc6 bxc6 19. Nc3 Ba6 20. b4 axb3 21. axb3 d5 22. exd5 cxd5 23. b4 d4 24.
bxc5 dxe3 25. Qxe3 Qxc5 26. Qxc5 Bxc5 27. Nb5 Bxb5 28.
cxb5 Ra2 29. Ne4 Be7 30. Rd1 Rxd1+ 31. Bxd1 Rb2 32. O-O f5 33. gxf5 gxf5 34. Ng3 Bc5+ 35. Kh1 f4 36. Ne4 Be3 37. Nd6 Kf8 38. Nf5 Rxb5 39. Nxe3 fxe3 40. Re1 Nd5 41. Be2 Rb4 42.
Bd3 Rxh4+ 43. Kg2 Nf4+ 44. Kg3 Nxd3 45. Rxe3 Rd4 46. Kh3 Kf7 47. Kg3 Kf6 48. Re2 Nf4 49. Rc2 h5 50. Rc6+ Kg5 51. Rc8 h4+ 52. Kf2 Rd2+ 53.
Kf1 h3 54. Rg8+ Kh4 55. Rg4+ Kh5 56. Rg8 h2 57. Rh8+ Kg5 58. Ke1 Rg2 59. Rg8+ Kf5 60. Rf8+ Ke6 0-1

[Event "Late-Titled-Tuesday-Blitz-March-05-2024"]
[Site "Chess.com"]
[Date "2024.03.05"]
[Round "1"]
[White "K_A_S_T_O_R"]
[Black "ccccvhhhj"]
[Result "1-0"]
[WhiteElo "2804"]
[BlackElo "2469"]
[TimeControl "180+1"]
[EndTime "14:07:52 PST"]
[Termination "K_A_S_T_O_R won by checkmate"]

1. e4 e6 2. d4 d5 3. Nc3 Bb4 4. e5 c5 5. a3 Bxc3+ 6. bxc3 Ne7 7. Nf3 b6 8. Bb5+ Bd7 9. Bd3 c4 10. Be2 Ba4 11. h4 h6 12. h5 Nbc6 13. g3 Kd7 14. Nh4 Qg8 15. O-O Qh7 16. Ra2 Kc7 17. Bg4 Kb7 18. Qe2 g6 19. Kh2 Rag8 20. Rh1 gxh5 21.
Bxh5 Nf5 22. Ng2 Qg7 23. Bf4 Nce7 24. g4 Nc6 25. f3 Nfe7 26. Bg3 Ng6 27. Re1 Nge7 28.
Bh4 Qf8 29. Bf6 Rh7 30. Nf4 Ng6 31. Bxg6 fxg6 32. Nxe6 Qf7 33. Nf4 h5 34. Nh3 hxg4 35. fxg4 Rgh8 36. Bxh8 Rxh8 37. Kg2 g5 38. Rf1 Qh7 39.
Rf3 Ne7 40. Qf2 Ka6 41. Qg3 Ng6 42. Kf2 Nh4 43. Nxg5 Qg6 44. Nf7 Nxf3 45. Nxh8 Qh7 46. Qxf3 Qxh8 47. Kg3 Qh7 48. Qxd5 Bxc2 49. Qxc4+ Kb7 50.
Qd5+ Ka6 51. e6 Be4 52. Qe5 Bc6 53. d5 Qd3+ 54. Kf4 Bxd5 55. e7 Qf3+ 56. Kg5 Bxa2 57.
e8=Q Qd1 58. Qc8# 1-0

[Event "Late-Titled-Tuesday-Blitz-March-05-2024"]
[Site "Chess.com"]
[Date "2024.03.05"]
[Round "1"]
[White "N18player"]
[Black "Njal28"]
[Result "1/2-1/2"]
[WhiteElo "2528"]
[BlackElo "2997"]
[TimeControl "180+1"]
[EndTime "14:07:53 PST"]
[Termination "Game drawn - insufficient material"]

1. Nf3 Nf6 2. c4 g6 3. Nc3 Bg7 4. g3 d6 5. Bg2 O-O 6. O-O a5 7. a3 Bf5 8. d3 Nc6 9. Rb1 e5 10. b4 axb4 11. axb4 Re8 12. b5 Nd4 13. Bg5 Nxf3+ 14.
Bxf3 Qc8 15. Qd2 Bh3 16. Rfe1 Be6 17. Rec1 Nd7 18. Bh6 Ra3 19. Nd5 Bxd5 20. Bxd5 c6 21.
Bf3 Nc5 22. bxc6 bxc6 23. Bxg7 Kxg7 24. Rb6 Ra6 25. Rcb1 Nd7 26. Rb7 Nf6 27. Qg5 h6 28. Qe3 d5 29. cxd5 cxd5 30. Qd2 e4 31. dxe4 dxe4 32.
Bg2 e3 33. fxe3 Qe6 34. R1b3 Ra1+ 35. Rb1 Ra2 36. Qd3 Qxe3+ 37. Qxe3 Rxe3 38. Bf3 g5 39. h3 h5 40. g4 hxg4 41. hxg4 Nxg4 42. Bd5 Rg3+ 43. Kf1 Ne3+ 44. Kf2 Nxd5 45. Kxg3 Rxe2 46. R1b5 Re5 47. Rd7 Nf6 48. Rxe5 Nxd7 49. Rxg5+ Kf6 50. Rg4 Ne5 51. Rf4+ Ke6 52. Rxf7 Nxf7 1/2-1/2

[Event "Late-Titled-Tuesday-Blitz-March-05-2024"]
[Site "Chess.com"]
[Date "2024.03.05"]
[Round "1"]
[White "Firouzja2003"]
[Black "santosalberto1987"]
[Result "1-0"]
[WhiteElo "3230"]
[BlackElo "2531"]
[TimeControl "180+1"]
[EndTime "14:07:54 PST"]
[Termination "Firouzja2003 won on time"]

1. e4 e6 2. d4 d5 3. e5 c5 4. c3 Qb6 5. Nf3 Nc6 6. a3 a5 7. Bd3 Bd7 8. Bc2 a4 9. O-O Nh6 10. Re1 Nf5 11. g4 Nfe7 12. dxc5 Qxc5 13. Be3 Qa5 14.
Nbd2 Ng6 15. Bxg6 fxg6 16. Qe2 Bc5 17. Bxc5 Qxc5 18. Qe3 Qxe3 19. Rxe3 O-O 20. Kg2 Rf4 21. Kg3 Raf8 22. h3 h6 23. Rf1 g5 24. h4 gxh4+ 25. Nxh4 Be8 26. Ng2 g5 27. Rf3 Rxf3+ 28. Nxf3 Bg6 29. Nd4 Nxd4 30. cxd4 Rc8 31. f4 gxf4+ 32.
Nxf4 Bf7 33. g5 hxg5 34. Nh3 Bg6 35. Rf6 Bf5 36. Nxg5 Rc2 37. Nxe6 Bxe6 38. Rxe6 Rxb2 39. Rd6 Rb3+ 40. Kf4 Rxa3 41. e6 Kf8 42. Ke5 Ke8 43.
Rd7 Rb3 44. Kf6 Rf3+ 45. Ke5 Rb3 46. Rxd5 a3 47. Ra5 b5 48. Kd6 Kf8 49. Ra8+ Kg7 50. e7 Re3 51. Rxa3 1-0

[Event "Late-Titled-Tuesday-Blitz-March-05-2024"]
[Site "Chess.com"]
[Date "2024.03.05"]
[Round "1"]
[White "GP9isback23"]
[Black "e4evr"]
[Result "0-1"]
[WhiteElo "2573"]
[BlackElo "2261"]
[TimeControl "180+1"]
[EndTime "14:07:54 PST"]
[Termination "e4evr won on time"]

1. d4 Nf6 2. Nf3 e6 3. c4 d5 4. Nc3 Bb4 5. Bg5 O-O 6. e3 c5 7. Bxf6 Qxf6 8. a3 Ba5 9. Be2 Nc6 10. O-O cxd4 11. exd4 dxc4 12. Bxc4 Rd8 13. Ne2 Bb6 14.
Qa4 Bd7 15. Qc2 Nxd4 16. Nexd4 Bxd4 17. Nxd4 Qxd4 18. Rfd1 Qf6 19. Rac1 Bc6 20. Bf1 h6 21. b4 Rxd1 22. Rxd1 Rd8 23. Rc1 Rd5 24. a4 Rg5 25. Qd3 g6 26. b5 Bd5 27. a5 Qf4 28. Rc8+ Kh7 29. Qc3 e5 30. a6 bxa6 31. bxa6 Bxg2 32.
Bxg2 Qe4 33. f3 Qb1+ 34. Qc1 Qa2 35. Qc2 Qa1+ 36. Kf2 Qd4+ 37. Kf1 Qa1+ 38. Qc1 Qxa6+ 39. Kf2 Qb6+ 40. Qc5 Qb2+ 41. Qc2 Qd4+ 42. Kf1 Qa1+ 43. Kf2 Qd4+ 44. Kf1 Qa1+ 45. Qc1 Qa6+ 46. Rc4 e4 47. fxe4 Rc5 0-1

[Event "Late-Titled-Tuesday-Blitz-March-05-2024"]
[Site "Chess.com"]
[Date "2024.03.05"]
[Round "1"]
[White "Bykov_Egor"]
[Black "larsmandreassen"]
[Result "1-0"]
[WhiteElo "2586"]
[BlackElo "2233"]
[TimeControl "180+1"]
[EndTime "14:07:54 PST"]
[Termination "Bykov_Egor won on time"]

1. e4 d6 2. d4 Nf6 3. Nc3 e5 4. Nf3 Nbd7 5. Bc4 Be7 6. Bb3 O-O 7.
O-O c6 8. a4 a5 9. h3 Qc7 10.
Be3 b6 11. Re1 Bb7 12. d5 cxd5 13. exd5 Nc5 14. Nb5 Qd7 15. Bc4 Rac8 16. b3 Rfe8 17. Nh2 h6 18. Ng4 Nxg4 19. Qxg4 f5 20. Qg6 f4 21. Bd2 Rf8 22. Nc3 Rf6 23. Qg4 Qxg4 24. hxg4 Rd8 25. f3 g5 26. Kf2 Kg7 27. Rh1 Rh8 28.
Ke2 Bc8 29. Be1 Bd7 30. Bf2 Rff8 31. Rh3 Be8 32. Rah1 Bg6 33. Bxc5 bxc5 34. Bd3 Bxd3+ 35. Kxd3 Rb8 36. Nb5 Rb6 37. Nc7 Kg6 38. Nb5 Rb7 39. c3 Rh7 40. Rh5 Bf8 41. Rb1 Rhe7 42. Rhh1 Rf7 43. b4 Rh7 44. bxa5 Rhf7 45. a6 1-0

[Event "Late-Titled-Tuesday-Blitz-March-05-2024"]
[Site "Chess.com"]
[Date "2024.03.05"]
[Round "1"]
[White "Rud_2008"]
[Black "Schattman"]
[Result "1-0"]
[WhiteElo "2734"]
[BlackElo "2433"]
[TimeControl "180+1"]
[EndTime "14:07:55 PST"]
[Termination "Rud_2008 won on time"]

1. e4 c6 2. Nf3 d5 3. d3 Qc7 4.
exd5 cxd5 5. c4 Nf6 6. Nc3 Bg4 7.
cxd5 Nbd7 8. Be2 g6 9. O-O Bg7 10. h3 Bxf3 11. Bxf3 O-O 12. d4 Nb6 13. Re1 Rad8 14. Qb3 Rfe8 15. Bg5 Qc4 16. Qxc4 Nxc4 17. b3 Nd6 18. Rac1 h6 19. Bf4 Nd7 20. Bxd6 exd6 21.
Nb5 Rxe1+ 22. Rxe1 Nb6 23. Re7 a6 24. Rxb7 axb5 25.
Rxb6 Bxd4 26. Rxb5 Rc8 27. a4 Rc1+ 28. Kh2 Bxf2 29.
a5 h5 30. g3 Rc2 31. Bg2 h4 32. gxh4 Bxh4 33. a6 Ra2 34. Rb6 Bf6 35. h4 Kg7 36. b4 Bd4 37. Rc6 Kf6 38. Rxd6+ Ke5 39. Rc6 Be3 40.
d6 Bf4+ 41. Kg1 Be3+ 42. Kh2 Bf4+ 43. Kh3 Ra3+ 44. Bf3 Rxf3+ 45. Kg2 Rg3+ 46. Kf2 Rd3 47. a7 Be3+ 48. Ke2 Ra3 49. d7 Bxa7 50. d8=Q 1-0

[Event "Late-Titled-Tuesday-Blitz-March-05-2024"]
[Site "Chess.com"]
[Date "2024.03.05"]
[Round "1"]
[White "Lukianoo"]
[Black "EvilMorty23"]
[Result "1-0"]
[WhiteElo "2872"]
[BlackElo "2498"]
[TimeControl "180+1"]
[EndTime "14:07:57 PST"]
[Termination "Lukianoo won by checkmate"]

1. e4 e6 2. d4 d5 3. e5 c5 4. c3 Nc6 5. Nf3 Qb6 6. Bd3 Bd7 7. dxc5 Bxc5 8. Qe2 a5 9. Nbd2 a4 10. O-O f6 11. c4 fxe5 12. cxd5 exd5 13. Nxe5 Nxe5 14. Qxe5+ Kf8 15. Nf3 Nf6 16. b4 axb3 17.
axb3 Rxa1 18. Qxa1 h6 19. Bb2 Ke7 20. Ne5 Rd8 21.
b4 Bxb4 22. Rb1 Bc5 23. Ba3 Qd6 24. Bxc5 Qxc5 25. Rxb7 Kf8 26. h3 Be6 27. Qe1 Ne4 28.
Bxe4 dxe4 29. Qxe4 Kg8 30. Rb1 Rf8 31. Nd3 Qf5 32. Qe3 Rd8 33. Rd1 Bc4 34. Nb2 Rxd1+ 35.
Nxd1 Qb1 36. Kh2 Qxd1 37. Qe8+ Kh7 38. Qe4+ Kh8 39. Qxc4 Qd6+ 40. f4 Qf6 41. Qe4 Qh4 42. Qe8+ Kh7 43. Qe5 Qf2 44. Qe4+ Kh8 45. Qf5 Kg8 46.
Qg4 Kh8 47. Qg3 Qc2 48. Qf3 Kg8 49. h4 Kh8 50. h5 Kg8 51. Kh3 Qf5+ 52. g4 Qb1 53.
Kg3 Qg1+ 54. Kh3 Qe1 55. g5 Qf1+ 56. Qxf1 hxg5 57. fxg5 Kh8 58. g6 Kg8 59. Qf7+ Kh8 60. Qf8# 1-0

[Event "Late-Titled-Tuesday-Blitz-March-05-2024"]
[Site "Chess.com"]
[Date "2024.03.05"]
[Round "1"]
[White "RantomOpening"]
[Black "WFM_Sara_Adel"]
[Result "1-0"]
[WhiteElo "2571"]
[BlackElo "2192"]
[TimeControl "180+1"]
[EndTime "14:07:57 PST"]
[Termination "RantomOpening won by resignation"]

1. b3 e5 2. Bb2 Nc6 3. e3 g6 4. f4 Bg7 5. Nf3 d6 6. Bb5 Bg4 7. h3 Bxf3 8. Qxf3 Ne7 9. fxe5 O-O 10. Nc3 Nxe5 11. Qf2 Nf5 12. O-O Qg5 13. Ne4 Qh6 14.
d4 Nc6 15. Rae1 Rae8 16. Bd3 d5 17. Nc5 Nxe3 18. Bc1 Bxd4 19. Kh1 Bxc5 20. Qf6 Qg7 21.
Qxg7+ Kxg7 22. Bb2+ d4 23. Rf3 f5 24. Rfxe3 Rxe3 25. Rxe3 Kf6 26. Re1 f4 27. Re4 g5 28.
c3 Rd8 29. b4 Bb6 30. b5 Ne5 31. Bb1 c5 32. bxc6 Nxc6 33. cxd4 Bxd4 34. Ba3 Be3 35.
Bb2+ Kf7 36. Bc2 Rd2 37. Bb3+ Kf8 38. Ba3+ Kg7 39. Bc1 Re2 40. Bxe3 fxe3 41. Kh2 h5 42. Kg3 Kf6 43. Kf3 Rf2+ 44. Kxe3 Rxg2 45. Re6+ Kf5 46.
Rh6 Rg3+ 47. Kf2 Rxh3 48. Be6+ Kf4 49. Bxh3 h4 50. Rf6+ Ke4 51. Rf5 Ne5 52. Rxg5 Nd3+ 53. Kg2 Nf4+ 54. Kh2 b5 55. Rg4 a5 56. Rxh4 b4 57.
Bd7 Ke3 58. Kg3 Nd3 59. Bb5 Nc1 60. Bc4 a4 61. Bf7 b3 62. axb3 a3 63. Ra4 a2 64.
b4 Ne2+ 65. Kh4 Nc3 66. Rxa2 Nxa2 67. Bxa2 Kd4 68. b5 Kc5 69. Bc4 Kb6 70. Bf1 Kc5 71. Kg5 Kb6 72. Kf4 Kc5 73. Ke4 Kb6 74. Kf5 Kc5 75. Kf6 Kb6 76. Ke5 1-0

[Event "Late-Titled-Tuesday-Blitz-March-05-2024"]
[Site "Chess.com"]
[Date "2024.03.05"]
[Round "1"]
[White "Yaacovn"]
[Black "StrackedAktonamee"]
[Result "1-0"]
[WhiteElo "2860"]
[BlackElo "2494"]
[TimeControl "180+1"]
[EndTime "14:07:58 PST"]
[Termination "Yaacovn won by resignation"]

1. d4 d5 2. e3 Bf5 3. c4 c6 4. Qb3 Qc7 5. cxd5 Nf6 6. dxc6 Nxc6 7.
Nc3 e6 8. Nf3 Be7 9. Be2 O-O 10.
O-O a6 11. Bd2 Rfd8 12. Rac1 Rac8 13. Na4 Be4 14. a3 Bd5 15. Qd1 b5 16. Nc5 Qa7 17. b4 Ne4 18. Be1 Rb8 19. Nd2 Nxc5 20. bxc5 e5 21. e4 Bc4 22. d5 Bxe2 23. Qxe2 Nd4 24. Qd3 Bxc5 25. Nf3 Nxf3+ 26. Qxf3 Bd4 27. Ba5 Rdc8 28. g3 Rc5 29. Bb4 Rcc8 30. Kg2 Qb7 31. Bd6 Ra8 32. Qf5 f6 33. Qe6+ Kh8 34. h4 a5 35. Be7 b4 36. axb4 axb4 37. Rxc8+ Rxc8 38. Bxb4 Ra8 39. Be7 Re8 40. d6 Qxe4+ 41. Kh2 Qa8 42. d7 Rg8 43. Qxg8+ Qxg8 44. d8=Q Qxd8 45. Bxd8 Kg8 46.
Kg2 Kf7 47. Rd1 Ke6 48. Ba5 g6 49. Bd2 f5 50. Be3 Bc3 51. Rc1 Bb4 52. Rc6+ Kd7 53.
Rb6 Bd6 54. Rb7+ Ke6 55. Rxh7 f4 56. gxf4 exf4 57. Bd2 Kf5 58. f3 Be5 59. h5 Bf6 60. hxg6 Kxg6 61. Rb7 Kf5 62. Rb5+ Kg6 63. Bxf4 Kg7 64.
Be5 Kg6 65. Rb6 1-0

[Event "Late-Titled-Tuesday-Blitz-March-05-2024"]
[Site "Chess.com"]
[Date "2024.03.05"]
[Round "1"]
[White "Miguelito"]
[Black "KetiTsatsalashvili"]
[Result "1-0"]
[WhiteElo "2803"]
[BlackElo "2465"]
[TimeControl "180+1"]
[EndTime "14:07:58 PST"]
[Termination "Miguelito won by checkmate"]

1. c4 e6 2. Nc3 Nf6 3. Nf3 d5 4. e3 Be7 5. b3 O-O 6. Bb2 c5 7. cxd5 exd5 8. d4 Bg4 9. Be2 Nc6 10. dxc5 Bxc5 11. O-O Qd7 12. h3 Bh5 13. Rc1 Bb6 14.
Na4 Ba5 15. Bxf6 gxf6 16. Nc5 Qe7 17. Nh4 Bg6 18. Qxd5 Rfd8 19. Nxg6 hxg6 20. Qe4 Qxe4 21. Nxe4 f5 22. Nc5 Rab8 23. Nxb7 Rxb7 24. Rxc6 Rd2 25. Bc4 Kg7 26. Ra6 Bb6 27. a4 Rbd7 28. a5 Bc5 29. g3 Rb2 30. Rc6 Bb4 31. a6 Ba5 32. h4 Bb6 33.
Ra1 Rdd2 34. Rxb6 Rxf2 35. Bf1 axb6 36. a7 Ra2 37. a8=Q Rxa8 38. Rxa8 Rf3 39. Kg2 Rxe3 40. b4 Re4 41. b5 f4 42. Rb8 fxg3 43. Rxb6 Rxh4 44.
Kxg3 Rb4 45. Rb7 g5 46. Bg2 Kg6 47. b6 f5 48. Rb8 Rb3+ 49. Kf2 g4 50. b7 g3+ 51.
Ke2 Kg7 52. Rc8 Rb2+ 53. Kf3 Rxb7 54. Kxg3 Rb4 55. Rc6 Rg4+ 56. Kf3 Rg6 57. Rc7+ Kh6 58.
Bh3 Kg5 59. Rc5 Rg7 60. Rxf5+ Kg6 61. Rb5 Rf7+ 62. Kg4 Rf6 63. Bg2 Kh6 64. Be4 Rd6 65.
Rb7 Rd7 66. Rb6+ Kg7 67. Kg5 Re7 68. Bf5 Rc7 69. Rh6 Re7 70. Rh7+ Kf8 71. Rh8+ Kg7 72. Rb8 Rc7 73. Re8 Rb7 74. Re6 Rc7 75. Rg6+ Kf7 76.
Rh6 Kg7 77. Rh7+ Kf8 78. Rxc7 Kg8 79. Kf6 Kh8 80. Rc8# 1-0

[Event "Late-Titled-Tuesday-Blitz-March-05-2024"]
[Site "Chess.com"]
[Date "2024.03.05"]
[Round "1"]
[White "Blitzstream"]
[Black "MeisterJabo"]
[Result "1-0"]
[WhiteElo "2790"]
[BlackElo "2459"]
[TimeControl "180+1"]
[EndTime "14:07:58 PST"]
[Termination "Blitzstream won by resignation"]

1. e4 e5 2. Nf3 Nc6 3. d4 exd4 4. Nxd4 Nf6 5. Nxc6 bxc6 6. e5 Qe7 7. Qe2 Nd5 8. c4 Ba6 9. b3 g6 10. Bb2 Bg7 11.
g3 O-O 12. Bg2 Rae8 13. O-O Bxe5 14. Qxe5 Qxe5 15. Bxe5 Rxe5 16. cxd5 Bxf1 17. Kxf1 cxd5 18. Nc3 c6 19. Rc1 Rfe8 20. Bf3 Kf8 21. Na4 Ke7 22. Nc5 Kd6 23. Nd3 R5e7 24. h4 f5 25. Rc5 Re1+ 26. Kg2 Ra1 27. Ra5 Ra8 28. b4 Rb1 29. a3 Rb3 30. Nc5 Rc3 31. Ra6 Kc7 32. Be2 Rc2 33.
Bd3 Rc3 34. Kf1 d6 35. Ne6+ Kd7 36. Nf4 c5 37. Bb5+ Kc8 38. Rc6+ Kb7 39. Nxd5 Rc1+ 40. Kg2 a6 41. Rc7+ Kb8 42. Bd7 Ra7 43. Rc8+ Kb7 44. Rh8 cxb4 45. axb4 a5 46. b5 a4 47. Rxh7 Kb8 48.
Rh8+ Kb7 49. b6 Ra8 50. Rh7 Ka6 51. Bxa4 Ka5 52. Bb3 Rb8 53. b7 Kb5 54. Nf6 Rb1 55. Bd5 Kc5 56. Bf3 Kb6 57. Nd7+ Kc7 58. Nxb8+ Kxb8 59. Rh8+ Kc7 60. Rc8+ Kd7 61. b8=Q Rxb8 62. Rxb8 Ke6 1-0

[Event "Late-Titled-Tuesday-Blitz-March-05-2024"]
[Site "Chess.com"]
[Date "2024.03.05"]
[Round "1"]
[White "manitodeplomo"]
[Black "GiorgianBarbosa"]
[Result "1-0"]
[WhiteElo "2716"]
[BlackElo "2422"]
[TimeControl "180+1"]
[EndTime "14:08:01 PST"]
[Termination "manitodeplomo won on time"]

1. d4 Nf6 2. c4 e6 3. Nf3 d5 4. Nc3 Be7 5. Bg5 O-O 6. Qc2 Nbd7 7. e3 c6 8. O-O-O a5 9. Kb1 dxc4 10.
Bxc4 b5 11. Bd3 a4 12. Bxf6 Nxf6 13. Ne4 b4 14. Nxf6+ Bxf6 15. Qxc6 Bd7 16. Qe4 g6 17. h4 h5 18. g4 b3 19. a3 Ra5 20. gxh5 Rxh5 21.
Rdg1 Bg7 22. Ng5 e5 23. Qd5 Qe8 24. Bxg6 Bc6 25. Qc4 Rh6 26. Be4 exd4 27. Bxc6 Rxc6 28. Qd3 f5 29. exd4 Rc2 30. Rc1 Rxf2 31. Qc4+ Kh8 32. Rhe1 Qg6 33. Qxa4 f4+ 34. Ka1 Bxd4 35. Rb1 Qg7 36.
Qxb3 Ra8 37. Ne6 Qa7 38. Nxd4 Qxd4 39. Rbd1 Rd2 40. Rxd2 Qxd2 41. Re7 Rc8 42. Qf7 Qc1+ 43. Ka2 Qc4+ 44. Qxc4 Rxc4 45. Rf7 Kg8 46. Rf5 Kg7 47. h5 Rd4 48. b4 Rd2+ 49. Kb3 Rd3+ 50. Ka4 f3 51. b5 Re3 52. b6 1-0